 Dungeon Crawl Stone Soup version 0.31-a0-1612-g4aaf141004 (webtiles) character file.

Game seed: 7822872855004443670

65 grandjackal the Trooper (level 3, -3/30 HPs)
             Began as a Demonspawn Fighter on Jan 9, 2024.
             Killed from afar by Natasha (4 damage)
             ... with a magic dart
             ... on level 2 of the Dungeon.
             The game lasted 00:01:06 (1118 turns).

grandjackal the Trooper (Demonspawn Fighter)        Turns: 1118, Time: 00:01:08

Health: -3/30      AC:  6    Str: 18    XL:     3   Next: 94%
Magic:  3/3        EV:  9    Int:  8    God:
Gold:   88         SH:  0    Dex: 12    Spells: 2/2 levels left

rFire   . .          .
                       - Unarmed
rCold   . . .        (no shield)
rNeg    . . .        b - +0 scale mail
rPois   .            (no helmet)
rElec   .            (no cloak)
rCorr   .            (no gloves)
SInv    .            (no boots)
Will    .....        (no amulet) Stlth
                     (no ring)
HPRegen 0.25/turn    (no ring)
MPRegen 0.08/turn

%: no passive effects
@: no status effects
A: demonic touch 2
a: no special abilities


You were on level 2 of the Dungeon.
You visited 1 branch of the dungeon, and saw 2 of its levels.

You collected 88 gold pieces.

Inventory:

Armour
 b - a +0 scale mail (worn)
Scrolls
 a - a scroll of teleportation {unknown}
 c - 3 scrolls of fear {unknown}
 e - 3 scrolls of identify {unknown}
 g - a scroll of torment {unknown}
Potions
 d - a potion of might
 f - a potion of mutation {unknown}


   Skills:
 + Level 3.7 Fighting
 - Level 2.0 Axes
 - Level 3.0 Armour
 - Level 3.0 Shields
 + Level 1.5 Unarmed Combat


You had 2 spell levels left.
You didn't know any spells.
Your spell library was empty.

Dungeon Overview and Level Annotations

Branches:
Dungeon (2/15)

Altars:

Shops:
D:1 =

Annotations:
D:2 Natasha


Innate Abilities, Weirdness & Mutations

Your touch may inflict irresistible damage on your foes.


Message History

You barely miss Natasha. Your touch misses Natasha.
Natasha is heavily wounded.
The cerulean imp barely misses you.
The cerulean imp hits you but does no damage.
Natasha completely misses you.
You closely miss Natasha.
Natasha is heavily wounded.
The cerulean imp hits you with a +0 spear.
The cerulean imp barely misses you. Natasha closely misses you.
You hit Natasha.
Natasha is severely wounded.
The cerulean imp hits you but does no damage.
The cerulean imp barely misses you. Natasha claws you but does no damage.
You hit Natasha but do no damage.
Natasha is severely wounded.
The cerulean imp hits you with a +0 spear.
The cerulean imp hits you from afar with a +0 spear.
Natasha claws you.
You hit Natasha but do no damage.
Natasha is severely wounded.
The cerulean imp hits you but does no damage. x2
Natasha wildly gestures.
Natasha shimmers violently.
Natasha claws you but does no damage.
You barely miss Natasha. Your touch misses Natasha.
Natasha is severely wounded.
The cerulean imp closely misses you.
The cerulean imp hits you but does no damage.
Natasha stares at you and mumbles some strange words.
The magic dart hits you!
* * * LOW HITPOINT WARNING * * *
You hit Natasha.
Natasha is severely wounded.
The cerulean imp barely misses you.
The cerulean imp hits you from afar with a +0 spear.
* * * LOW HITPOINT WARNING * * *
Natasha stares at you and mumbles some strange words.
The magic dart hits you.
You die...
Natasha begins licking her fur clean.

...........####.......[##.
....†...)..........>...+
...........####........#
...........# #........#
.....####### #........#
.....# #........# .....#
#####.#### .....# ####...#
.....# #.h@5### ######
#5#### #..........#
#........... #...........
#........... ......g....#
.........B..#
..#.....h....#


You could see Natasha and 2 cerulean imps.

Vanquished Creatures
  Natasha (D:2)
  An adder (D:2)
  A dart slug (D:1)
  2 endoplasms (D:1)
  4 goblins (D:1)
  4 hobgoblins
  5 jackals (D:1)
  5 ball pythons
  2 bats
  3 kobolds
  3 rats (D:1)
31 creatures vanquished.

Notes
Turn   | Place    | Note
-------+----------+-------------------------------------------
     0 | D:1      | grandjackal the Demonspawn Fighter began the quest for the
                  | Orb.
     0 | D:1      | Reached XP level 1. HP: 18/18 MP: 1/1
    16 | D:1      | Found Resal's Jewellery Emporium.
   153 | D:1      | Gained mutation: Your touch may inflict minor irresistible
                  | damage on your foes. [demonic ancestry]
   153 | D:1      | Reached XP level 2. HP: 21/24 MP: 2/2
   660 | D:1      | Gained mutation: Your touch may inflict irresistible damage
                  | on your foes. [demonic ancestry]
   660 | D:1      | Reached XP level 3. HP: 28/29 MP: 3/3
   971 | D:2      | Noticed Natasha
   986 | D:2      | Killed Natasha
   987 | D:2      | Reached skill level 1 in Unarmed Combat
  1093 | D:2      | Noticed Natasha
  1117 | D:2      | HP: 1/30 [Natasha/magic dart (9)]
  1118 | D:2      | Killed from afar by Natasha

Illustrated notes

Levels and vault maps discovered:
D:1:      eino_arrival_druids_welcome, layout_basic, serial_shops, shop,
          serial_bayou, serial_bayou_pond_e, serial_bayou_crossing,
          serial_bayou_lagoon_a, serial_bayou_pond_d
D:2:      layout_basic, grunt_decor_clamped, uniq_natasha

Skill      XL: |  1  2  3 |
---------------+----------+-----
Axes           | 2 |  2.0
Armour         | 3 |  3.0
Shields        | 3 |  3.0
Unarmed Combat | 1 |  1.5
Fighting       | |  3.7

Action                     || total
---------------------------++-------
  Melee: War axe           ||    55
         Unarmed           ||    31
         Touch             ||     3
 Armour: Scale mail        ||    98
  Dodge: Dodged            ||    39
  Block: Buckler           ||    11

Table legend: (Time is in decaauts)
 A = Elapsed time spent in this place.
 B = Non-inter-level travel time spent in this place.
 C = Inter-level travel time spent in this place.
 D = Time resting spent in this place.
 E = Time spent auto-exploring this place.
 F = Levels seen in this place.
 G = Mean time per level.
                   A        B        C        D        E       F      G
               +--------+--------+--------+--------+--------+-----+--------+
         Total |   1160 |   1136 |     24 |     43 |    890 |   2 |  580.0 |
       Dungeon |   1160 |   1136 |     24 |     43 |    890 |   2 |  580.0 |
               +--------+--------+--------+--------+--------+-----+--------+

Top non-repeatable levels by time:
     D:1: 976 daAuts
     D:2: 184 daAuts
